| TOP OF THE 1ST |
|
San Antonio Missions batting - Pitching for Spokane River Rats : RHP Rick Helling
|
|
Pitching: RHP Rick Helling
|
|
|
Batting: LHB David Hulse
|
0-0: Fly out, F4 (Line Drive, 4, EV 67.5 MPH)
|
|
Batting: RHB Eric Owens
|
0-0: Ball 1-0: Ball 2-0: Called Strike 2-1: Ground out 5-3 (Groundball, 56, EV 105.6 MPH)
|
|
Batting: RHB Damian Jackson
|
0-0: Called Strike 0-1: SINGLE (Line Drive, 9S, EV 105.6 MPH)
|
|
Batting: RHB Orlando Miller
|
0-0: Ball 1-0: Ball 2-0: Called Strike 2-1: Ball 3-1: Fly out, F7 (Flyball, 78M, EV 80.6 MPH)
|
| Top of the 1st over - 0 runs, 1 hit, 0 errors, 1 left on base; San Antonio 0 - Spokane 0 |
| BOTTOM OF THE 1ST |
|
Spokane River Rats batting - Pitching for San Antonio Missions : RHP Marty Bystrom
|
|
Pitching: RHP Marty Bystrom
|
|
|
Batting: LHB Andy Fox
|
0-0: Called Strike 0-1: Ball 1-1: Called Strike 1-2: Ball 2-2: SINGLE (Line Drive, 34D, EV 101.9 MPH)
|
|
Batting: SHB Chris Latham
|
0-0: Fly out, F6 (Popup, 6D, EV 56.3 MPH)
|
|
Batting: LHB Michael Tucker
|
0-0: Fielders Choice at 2nd, 5-4 (Groundball, 5, EV 79.4 MPH)
|
|
Batting: SHB Gene Kingsale
|
0-0: Swinging Strike 0-1: Ball 1-1: Ground out 1-3 (Groundball, 13, EV 65.6 MPH)
|
| Bottom of the 1st over - 0 runs, 1 hit, 0 errors, 1 left on base; San Antonio 0 - Spokane 0 |
| TOP OF THE 2ND |
|
San Antonio Missions batting - Pitching for Spokane River Rats : RHP Rick Helling
|
|
Batting: RHB David Green
|
0-0: Ball 1-0: Foul Ball, location: 2F 1-1: Foul Ball, location: 2F 1-2: Fly out, F9 (Flyball, 89M, EV 91.3 MPH)
|
|
Batting: SHB Bill Doran
|
0-0: Foul Ball, location: 2F 0-1: Foul Ball, location: 2F 0-2: Ball 1-2: Foul Ball, location: 2F 1-2: Ground out U3 (Groundball, 3, EV 91.3 MPH)
|
|
Batting: RHB Kelly Stinnett
|
0-0: Ball 1-0: Called Strike 1-1: Ball 2-1: Swinging Strike 2-2: Strikes out swinging
|
| Top of the 2nd over - 0 runs, 0 hits, 0 errors, 0 left on base; San Antonio 0 - Spokane 0 |
| BOTTOM OF THE 2ND |
|
Spokane River Rats batting - Pitching for San Antonio Missions : RHP Marty Bystrom
|
|
Batting: RHB Tony Rodriguez
|
0-0: Called Strike 0-1: Fly out, F9 (Flyball, 9D, EV 76.3 MPH)
|
|
Batting: SHB Luis M. Lopez
|
0-0: Ball 1-0: Reached on error, E8 (Flyball, 8LM, EV 96.3 MPH)
|
|
Batting: RHB Mark Dalesandro
|
0-0: Ball 1-0: Called Strike 1-1: Called Strike 1-2: Ball 2-2: Foul Ball, location: 2F 2-2: 2-RUN HOME RUN (Flyball, 7D, EV 108.8 MPH), Distance : 356 ft
|
|
Batting: SHB Doug Brady
|
0-0: Called Strike 0-1: Ball 1-1: Called Strike 1-2: Ground out U3 (Groundball, 3, EV 90.6 MPH)
|
|
Batting: RHB Jose Lind
|
0-0: Called Strike 0-1: Ball 1-1: Ground out 5-3 (Groundball, 56, EV 80.6 MPH)
|
| Bottom of the 2nd over - 2 runs, 1 hit, 1 error, 0 left on base; San Antonio 0 - Spokane 2 |
| TOP OF THE 3RD |
|
San Antonio Missions batting - Pitching for Spokane River Rats : RHP Rick Helling
|
|
Batting: RHB Luis Sojo
|
0-0: Foul Ball, location: 2F 0-1: Fly out, F7 (Flyball, 7S, EV 82.5 MPH)
|
|
Batting: RHB Mike Difelice
|
0-0: Ball 1-0: Ball 2-0: Swinging Strike 2-1: Called Strike 2-2: Ball 3-2: Strikes out swinging
|
|
Batting: LHB David Hulse
|
0-0: Ball 1-0: Ball 2-0: Ball 3-0: Called Strike 3-1: Base on Balls
|
|
Batting: RHB Eric Owens
|
0-0: Ball 1-0: Swinging Strike 1-1: Ball 2-1: Called Strike 2-2: Fly out, F9 (Line Drive, 9, EV 90.0 MPH)
|
| Top of the 3rd over - 0 runs, 0 hits, 0 errors, 1 left on base; San Antonio 0 - Spokane 2 |
| BOTTOM OF THE 3RD |
|
Spokane River Rats batting - Pitching for San Antonio Missions : RHP Marty Bystrom
|
|
Batting: LHB Andy Fox
|
0-0: Called Strike 0-1: Ball 1-1: Fly out, F7 (Flyball, 7LMF, EV 93.8 MPH)
|
|
Batting: SHB Chris Latham
|
0-0: Reached on error, E4 (Groundball, 4, EV 84.4 MPH)
|
|
Batting: LHB Michael Tucker
|
0-0: Ball 1-0: Swinging Strike 1-1: Ball 2-1: Foul Ball, location: 2F 2-2: Foul Ball, location: 2F 2-2: Fly out, F7 (Line Drive, 7, EV 91.9 MPH)
|
|
Batting: SHB Gene Kingsale
|
0-0: Called Strike 0-1: Ball Balk! Chris Latham to second 1-1: Ground out 4-3 (Groundball, 4, EV 86.9 MPH)
|
| Bottom of the 3rd over - 0 runs, 0 hits, 1 error, 1 left on base; San Antonio 0 - Spokane 2 |
| TOP OF THE 4TH |
|
San Antonio Missions batting - Pitching for Spokane River Rats : RHP Rick Helling
|
|
Batting: RHB Damian Jackson
|
0-0: Called Strike 0-1: Ball 1-1: Swinging Strike 1-2: Foul Ball, location: 2F 1-2: Ball 2-2: Ball 3-2: Fly out, F8 (Flyball, 8LD, EV 95.0 MPH)
|
|
Batting: RHB Orlando Miller
|
0-0: Fly out, F9 (Line Drive, 9, EV 107.5 MPH)
|
|
Batting: RHB David Green
|
0-0: Ball 1-0: Ball 2-0: Called Strike 2-1: Fly out, F8 (Flyball, 8RM, EV 91.9 MPH)
|
| Top of the 4th over - 0 runs, 0 hits, 0 errors, 0 left on base; San Antonio 0 - Spokane 2 |
| BOTTOM OF THE 4TH |
|
Spokane River Rats batting - Pitching for San Antonio Missions : RHP Marty Bystrom
|
|
Batting: RHB Tony Rodriguez
|
0-0: Called Strike 0-1: SINGLE (Groundball, 56D, EV 98.8 MPH)
|
|
Batting: SHB Luis M. Lopez
|
0-0: Fielders Choice at 2nd, 4-6 (Groundball, 4, EV 78.1 MPH)
|
|
Batting: RHB Mark Dalesandro
|
0-0: Ball 1-0: Foul Ball, location: 2F 1-1: Foul Ball, location: 2F 1-2: Foul Ball, location: 2F 1-2: Foul Ball, location: 2F 1-2: Grounds into double play, 4-6-3 (Groundball, 4, EV 94.4 MPH)
|
| Bottom of the 4th over - 0 runs, 1 hit, 0 errors, 0 left on base; San Antonio 0 - Spokane 2 |
| TOP OF THE 5TH |
|
San Antonio Missions batting - Pitching for Spokane River Rats : RHP Rick Helling
|
|
Batting: SHB Bill Doran
|
0-0: Ball 1-0: Swinging Strike 1-1: Ball 2-1: Foul Ball, location: 2F 2-2: Foul Ball, location: 2F 2-2: Foul Ball, location: 2F 2-2: Strikes out looking
|
|
Batting: RHB Kelly Stinnett
|
0-0: Called Strike 0-1: Ball 1-1: SOLO HOME RUN (Flyball, 7D, EV 107.5 MPH), Distance : 354 ft
|
|
Batting: RHB Luis Sojo
|
0-0: Swinging Strike 0-1: SINGLE (Groundball, 56D, EV 98.8 MPH)
|
|
Batting: RHB Mike Difelice
|
0-0: Fly out, F8 (Flyball, 8LXD, EV 103.8 MPH)
|
|
Batting: LHB David Hulse
|
0-0: Called Strike 0-1: Called Strike 0-2: TRIPLE (Flyball, 7D, EV 99.4 MPH) Luis Sojo scores
|
|
Batting: RHB Eric Owens
|
0-0: Ball 1-0: Called Strike 1-1: Swinging Strike 1-2: Ball 2-2: Strikes out looking
|
| Top of the 5th over - 2 runs, 3 hits, 0 errors, 1 left on base; San Antonio 2 - Spokane 2 |
| BOTTOM OF THE 5TH |
|
Spokane River Rats batting - Pitching for San Antonio Missions : RHP Marty Bystrom
|
|
Batting: SHB Doug Brady
|
0-0: Foul Ball, location: 2F 0-1: Swinging Strike 0-2: Ball 1-2: Ball 2-2: Foul Ball, location: 2F 2-2: Ball 3-2: Fly out, F8 (Line Drive, 8RM, EV 95.6 MPH)
|
|
Batting: RHB Jose Lind
|
0-0: Fly out, F8 (Flyball, 8RM, EV 83.8 MPH)
|
|
Batting: LHB Andy Fox
|
0-0: Called Strike 0-1: Ground out 6-3 (Groundball, 6, EV 80.6 MPH)
|
| Bottom of the 5th over - 0 runs, 0 hits, 0 errors, 0 left on base; San Antonio 2 - Spokane 2 |
| TOP OF THE 6TH |
|
San Antonio Missions batting - Pitching for Spokane River Rats : RHP Rick Helling
|
|
Batting: RHB Damian Jackson
|
0-0: Called Strike 0-1: Called Strike 0-2: Strikes out swinging
|
|
Pitching: RHP Anthony Chavez
|
|
|
Batting: RHB Orlando Miller
|
0-0: Ball 1-0: SINGLE (Flyball, 7S, EV 93.8 MPH)
|
|
Batting: RHB David Green
|
0-0: Ball 1-0: Ball Orlando Miller is caught stealing 2nd base 2-4 2-0: Foul Ball, location: 2F 2-1: Foul Ball, location: 2F 2-2: SINGLE (Groundball, 56D, EV 96.9 MPH)
|
|
Batting: SHB Bill Doran
|
0-0: Ball 1-0: Ball 2-0: SINGLE (Groundball, 3D, EV 96.3 MPH) David Green to second Runner from 2nd tries for 3rd, SAFE, throw by RF made to third
|
|
Batting: RHB Kelly Stinnett
|
0-0: Called Strike 0-1: Foul Ball, location: 2F 0-2: Reached on error, E6 (Flyball, 6D, EV 92.5 MPH) David Green scores Bill Doran to second
|
|
Batting: RHB Luis Sojo
|
0-0: Ball 1-0: SINGLE (Groundball, 34D, EV 102.5 MPH) Bill Doran to third Kelly Stinnett to second Runner from 3rd tries for Home, SAFE, no throw by RF
|
|
Batting: RHB Mike Difelice
|
0-0: Called Strike 0-1: Ball 1-1: Ball 2-1: Foul Ball, location: 2F 2-2: Strikes out swinging
|
| Top of the 6th over - 2 runs, 4 hits, 1 error, 2 left on base; San Antonio 4 - Spokane 2 |
| BOTTOM OF THE 6TH |
|
Spokane River Rats batting - Pitching for San Antonio Missions : RHP Marty Bystrom
|
|
Batting: SHB Chris Latham
|
0-0: Called Strike 0-1: Ball 1-1: Called Strike 1-2: Fly out, F9 (Line Drive, 9, EV 88.8 MPH)
|
|
Batting: LHB Michael Tucker
|
0-0: Foul Ball, location: 2F 0-1: Ball 1-1: SINGLE (Line Drive, 6D, EV 108.8 MPH)
|
|
Batting: SHB Gene Kingsale
|
0-0: Swinging Strike 0-1: Ball 1-1: SINGLE (Line Drive, 34D, EV 98.1 MPH) Michael Tucker to second Runner from 2nd tries for 3rd, SAFE, throw by RF made to third
|
|
Batting: RHB Tony Rodriguez
|
0-0: Ball 1-0: Called Strike 1-1: Foul Ball, location: 2F 1-2: Reached on error, E6 (Groundball, 6, EV 89.4 MPH) Michael Tucker scores Gene Kingsale to second
|
|
Batting: SHB Luis M. Lopez
|
0-0: Ball 1-0: Swinging Strike 1-1: Fielders Choice at 2nd, 5-4 (Groundball, 56, EV 102.5 MPH) Gene Kingsale to third
|
|
Batting: RHB Mark Dalesandro
|
0-0: Called Strike 0-1: Swinging Strike 0-2: Ball 1-2: Ground out 6-3 (Groundball, 6M, EV 85.6 MPH)
|
| Bottom of the 6th over - 1 run, 2 hits, 1 error, 2 left on base; San Antonio 4 - Spokane 3 |
| TOP OF THE 7TH |
|
San Antonio Missions batting - Pitching for Spokane River Rats : RHP Anthony Chavez
|
|
Batting: LHB David Hulse
|
0-0: Ball 1-0: Ball 2-0: Foul Ball, location: 2F 2-1: Foul Ball, location: 2F 2-2: Ball 3-2: Foul Ball, location: 2F 3-2: Strikes out swinging
|
|
Batting: RHB Eric Owens
|
0-0: Called Strike 0-1: Swinging Strike 0-2: Ball 1-2: Foul Ball, location: 2F 1-2: Ground out 6-3 (Groundball, 6, EV 100.0 MPH)
|
|
Pitching: RHP Ricky Trlicek
|
|
|
Batting: RHB Damian Jackson
|
0-0: Ball 1-0: Ground out 5-3 (Groundball, 5S, EV 83.1 MPH)
|
| Top of the 7th over - 0 runs, 0 hits, 0 errors, 0 left on base; San Antonio 4 - Spokane 3 |
| BOTTOM OF THE 7TH |
|
Spokane River Rats batting - Pitching for San Antonio Missions : RHP Marty Bystrom
|
|
Batting: SHB Doug Brady
|
0-0: Ball 1-0: Called Strike 1-1: Foul Ball, location: 2F 1-2: Foul Ball, location: 2F 1-2: Ball 2-2: Ball 3-2: SOLO HOME RUN (Flyball, 89XD, EV 93.8 MPH), Distance : 396 ft
|
|
Batting: RHB Jose Lind
|
0-0: Called Strike 0-1: Swinging Strike 0-2: Ball 1-2: Foul Ball, location: 2F 1-2: Foul Ball, location: 2F 1-2: Ball 2-2: Fly out, F7 (Flyball, 7S, EV 86.9 MPH)
|
|
Batting: LHB Andy Fox
|
0-0: Ball 1-0: Foul Ball, location: 2F 1-1: Ground out 6-3 (Groundball, 4M, EV 88.8 MPH)
|
|
Batting: SHB Chris Latham
|
0-0: Ball 1-0: Foul Ball, location: 2F 1-1: Foul Ball, location: 2F 1-2: Ball 2-2: Fly out, F9 (Flyball, 89M, EV 96.3 MPH)
|
| Bottom of the 7th over - 1 run, 1 hit, 0 errors, 0 left on base; San Antonio 4 - Spokane 4 |
| TOP OF THE 8TH |
|
San Antonio Missions batting - Pitching for Spokane River Rats : RHP Ricky Trlicek
|
|
Batting: RHB Orlando Miller
|
0-0: Ball 1-0: Ball 2-0: Fly out, F9 (Flyball, 9D, EV 93.8 MPH)
|
|
Batting: RHB David Green
|
0-0: Ball 1-0: Ball 2-0: Ground out 3-1 (Groundball, 34, EV 78.8 MPH)
|
|
Batting: SHB Bill Doran
|
0-0: Called Strike 0-1: Swinging Strike 0-2: Ball 1-2: Ball 2-2: Foul Ball, location: 2F 2-2: Strikes out swinging
|
| Top of the 8th over - 0 runs, 0 hits, 0 errors, 0 left on base; San Antonio 4 - Spokane 4 |
| BOTTOM OF THE 8TH |
|
Spokane River Rats batting - Pitching for San Antonio Missions : RHP Marty Bystrom
|
|
Batting: LHB Michael Tucker
|
0-0: Foul Ball, location: 2F 0-1: Ball 1-1: Foul Ball, location: 2F 1-2: Foul Ball, location: 2F 1-2: Ball 2-2: Fly out, F2 (Popup, 25F, EV 80.6 MPH)
|
|
Batting: SHB Gene Kingsale
|
0-0: Called Strike 0-1: Ball 1-1: Fly out, F7 (Flyball, 78S, EV 75.0 MPH)
|
|
Batting: RHB Tony Rodriguez
|
0-0: Called Strike 0-1: Called Strike 0-2: Foul Ball, location: 2F 0-2: Ball 1-2: Ball 2-2: SINGLE (Line Drive, 4D, EV 100.0 MPH)
|
|
Batting: SHB Luis M. Lopez
|
0-0: Fly out, F7 (Flyball, 7S, EV 86.9 MPH)
|
| Bottom of the 8th over - 0 runs, 1 hit, 0 errors, 1 left on base; San Antonio 4 - Spokane 4 |
| TOP OF THE 9TH |
|
San Antonio Missions batting - Pitching for Spokane River Rats : RHP Ricky Trlicek
|
|
Batting: RHB Kelly Stinnett
|
0-0: Called Strike 0-1: Ball 1-1: Ground out 6-3 (Groundball, 6, EV 87.5 MPH)
|
|
Batting: RHB Luis Sojo
|
0-0: Foul Ball, location: 2F 0-1: SINGLE (Flyball, 9S, EV 99.4 MPH)
|
|
Batting: RHB Mike Difelice
|
0-0: Fly out, F9 (Flyball, 9LMF, EV 96.9 MPH)
|
|
Batting: LHB David Hulse
|
0-0: Swinging Strike 0-1: Called Strike 0-2: Ball 1-2: Fly out, F7 (Line Drive, 7, EV 94.4 MPH)
|
| Top of the 9th over - 0 runs, 1 hit, 0 errors, 1 left on base; San Antonio 4 - Spokane 4 |
| BOTTOM OF THE 9TH |
|
Spokane River Rats batting - Pitching for San Antonio Missions : RHP Marty Bystrom
|
|
Pinch Hitting: LHB John Mabry
|
0-0: Called Strike 0-1: Ball 1-1: Ball 2-1: Ground out 1-3 (Groundball, 15, EV 66.3 MPH)
|
|
Pinch Hitting: SHB Devon White
|
0-0: Ball 1-0: Called Strike 1-1: Called Strike 1-2: DOUBLE (Line Drive, 9LM, EV 106.3 MPH)
|
|
Pitching: LHP Terry Mulholland
|
|
|
Pinch Hitting: RHB Billy Ashley
|
0-0: Intentional Walk
|
|
Batting: LHB Andy Fox
|
0-0: Ball 1-0: Ball 2-0: Ball 3-0: Called Strike 3-1: Ground out U3 (Groundball, 3, EV 83.1 MPH) Devon White to third Billy Ashley to second
|
|
Batting: SHB Chris Latham
|
0-0: Ball 1-0: Ball 2-0: Swinging Strike 2-1: Swinging Strike 2-2: Foul Ball, location: 2F 2-2: Strikes out swinging
|
| Bottom of the 9th over - 0 runs, 1 hit, 0 errors, 2 left on base; San Antonio 4 - Spokane 4 |
| TOP OF THE 10TH |
|
San Antonio Missions batting - Pitching for Spokane River Rats : RHP Ricky Trlicek
|
|
Pitching: LHP Matt Whisenant
|
|
|
Now at C: Eric Helfand
|
|
|
Now at 1B: John Mabry
|
|
|
Now at 3B: Takuro Ishii
|
|
|
Batting: RHB Eric Owens
|
0-0: Fly out, F2 (Popup, 23F, EV 85.6 MPH)
|
|
Batting: RHB Damian Jackson
|
0-0: Ball 1-0: Called Strike 1-1: Called Strike 1-2: Ball 2-2: Foul Ball, location: 2F 2-2: Foul Ball, location: 2F 2-2: Ground out 5-3 (Groundball, 56S, EV 68.1 MPH)
|
|
Batting: RHB Orlando Miller
|
0-0: Ball 1-0: Called Strike 1-1: Fly out, F6 (Popup, 15, EV 81.9 MPH)
|
| Top of the 10th over - 0 runs, 0 hits, 0 errors, 0 left on base; San Antonio 4 - Spokane 4 |
| BOTTOM OF THE 10TH |
|
Spokane River Rats batting - Pitching for San Antonio Missions : LHP Terry Mulholland
|
|
Batting: LHB Michael Tucker
|
0-0: Ball 1-0: Foul Ball, location: 2F 1-1: Called Strike 1-2: Strikes out looking
|
|
Batting: SHB Gene Kingsale
|
0-0: Ball 1-0: SINGLE (Line Drive, 78M, EV 101.9 MPH)
|
|
Batting: RHB Tony Rodriguez
|
0-0: Called Strike 0-1: Grounds into double play, 5-4-3 (Groundball, 56, EV 82.5 MPH)
|
| Bottom of the 10th over - 0 runs, 1 hit, 0 errors, 0 left on base; San Antonio 4 - Spokane 4 |
| TOP OF THE 11TH |
|
San Antonio Missions batting - Pitching for Spokane River Rats : LHP Matt Whisenant
|
|
Batting: RHB David Green
|
0-0: Ball 1-0: Ground out 5-3 (Groundball, 56, EV 83.8 MPH)
|
|
Batting: SHB Bill Doran
|
0-0: Ground out 1-3 (Groundball, 15S, EV 66.9 MPH)
|
|
Batting: RHB Kelly Stinnett
|
0-0: Ball 1-0: Ball 2-0: Ball 3-0: Base on Balls
|
|
Batting: RHB Luis Sojo
|
0-0: Ball 1-0: Called Strike 1-1: Hit by Pitch Kelly Stinnett to second
|
|
Batting: RHB Mike Difelice
|
0-0: Called Strike 0-1: Ball 1-1: Foul Ball, location: 2F 1-2: Ball 2-2: Ball 3-2: Base on Balls Kelly Stinnett to third Luis Sojo to second
|
|
Batting: LHB David Hulse
|
0-0: Fly out, F7 (Flyball, 7S, EV 90.6 MPH)
|
| Top of the 11th over - 0 runs, 0 hits, 0 errors, 3 left on base; San Antonio 4 - Spokane 4 |
| BOTTOM OF THE 11TH |
|
Spokane River Rats batting - Pitching for San Antonio Missions : LHP Terry Mulholland
|
|
Batting: SHB Luis M. Lopez
|
0-0: Called Strike 0-1: Ground out 5-3 (Groundball, 5, EV 84.4 MPH)
|
|
Batting: LHB John Mabry
|
0-0: Called Strike 0-1: Fly out, F8 (Line Drive, 8RD, EV 101.9 MPH)
|
|
Batting: LHB Takuro Ishii
|
0-0: Ball 1-0: Called Strike 1-1: Ball 2-1: Swinging Strike 2-2: Strikes out looking
|
| Bottom of the 11th over - 0 runs, 0 hits, 0 errors, 0 left on base; San Antonio 4 - Spokane 4 |
| TOP OF THE 12TH |
|
San Antonio Missions batting - Pitching for Spokane River Rats : LHP Matt Whisenant
|
|
Pitching: RHP Doug Brocail
|
|
|
Batting: RHB Eric Owens
|
0-0: Fly out, F3 (Popup, 23F, EV 80.6 MPH)
|
|
Batting: RHB Damian Jackson
|
0-0: Ball 1-0: Foul Ball, location: 2F 1-1: Ball 2-1: Fly out, F9 (Flyball, 89S, EV 94.4 MPH)
|
|
Batting: RHB Orlando Miller
|
0-0: SINGLE (Groundball, 56D, EV 100.0 MPH)
|
|
Batting: RHB David Green
|
0-0: 2-RUN HOME RUN (Flyball, 8RXD, EV 93.8 MPH), Distance : 445 ft
|
|
Batting: SHB Bill Doran
|
0-0: Called Strike 0-1: Ball 1-1: Foul Ball, location: 2F 1-2: Foul Ball, location: 2F 1-2: Ball 2-2: Fly out, F6 (Popup, 6MD, EV 48.1 MPH)
|
| Top of the 12th over - 2 runs, 2 hits, 0 errors, 0 left on base; San Antonio 6 - Spokane 4 |
| BOTTOM OF THE 12TH |
|
Spokane River Rats batting - Pitching for San Antonio Missions : LHP Terry Mulholland
|
|
Batting: LHB Eric Helfand
|
0-0: Ball 1-0: Ball 2-0: Ball 3-0: Base on Balls
|
|
Batting: LHB Andy Fox
|
0-0: Fly out, F7 (Line Drive, 7D, EV 86.9 MPH)
|
|
Pitching: RHP Steve Olin
|
|
|
Batting: SHB Chris Latham
|
0-0: Ball 1-0: Foul Ball, location: 2F 1-1: Fly out, F8 (Flyball, 89M, EV 94.4 MPH)
|
|
Batting: LHB Michael Tucker
|
0-0: Ball 1-0: Ball 2-0: Foul Ball, location: 2F 2-1: Ground out 4-3 (Groundball, 34, EV 95.6 MPH)
|
| Bottom of the 12th over - 0 runs, 0 hits, 0 errors, 1 left on base; San Antonio 6 - Spokane 4 |
|